 Dungeon Sprint DCSS version 0.32-a0-411-g744942f433 (webtiles) character file.

Game seed: 16307075458060855122

0 shadowstone the Changeling (level 3, -5/23 HPs)
             Began as an Octopode Shapeshifter on Feb 20, 2024.
             Was an Initiate of Yredelemnul.
             Slain by Sigmund
             ... wielding a +0 scythe
              (6 damage)
             ... in the Dungeon (Sprint VI: "Thunderdome").
             The game lasted 00:01:52 (161 turns).

shadowstone the Changeling (Octopode Shapeshifter)   Turns: 161, Time: 00:01:54

Health: -5/23      AC:  1    Str: 15    XL:     3   Next: 47%
Magic:  3/3        EV: 13    Int: 12    God:    Yredelemnul [......]
Gold:   200        SH:  0    Dex: 11    Spells: 2/2 levels left

rFire   . .          .
                       - Unarmed
rCold   . . .        (no shield)
rNeg    . . .        (helmet currently unavailable)
rPois   .            (no amulet)
rElec   .            (no ring)
rCorr   .            (no ring)
SInv    .            (no ring)
Will    .....        (no ring)
Stlth   ++           (no ring)
HPRegen 0.23/turn    (no ring)
MPRegen 0.08/turn    (no ring)
                     (no ring)

%: no teleportation
@: confused, lethally poisoned (-5 -> -16), beast-form, wreathed by umbra
A: beast (slay +2), almost no armour, amphibious, 8 rings, camouflage 1,
gelatinous body 1, (nimble swimmer 1), tentacles
a: Begin Untransformation, Renounce Religion, Light the Black Torch, Recall
Undead Harvest


You were in the Dungeon.
You worshipped Yredelemnul.
Yredelemnul was noncommittal.
You were a hulking beast.
You visited 1 branch You collected 200 gold pieces.

Inventory:

Talismans
 b - a beast talisman (active)
 c - a flux talisman
Wands
 k - a wand of quicksilver (5)
 l - a wand of roots (5)
Scrolls
 i - 4 scrolls of blinking
 m - 3 scrolls of fog
Potions
 a - a potion of lignification
 d - a potion of curing
 e - 4 potions of heal wounds
 f - 4 potions of haste
 g - 2 potions of magic
 h - a potion of berserk rage
 j - a potion of resistance


   Skills:
 + Level 1.2 Fighting
 + Level 2.8 Dodging
 + Level 5.1 Unarmed Combat
 + Level 5.1 Shapeshifting


You had 2 spell levels left.
You didn't know any spells.
Your spell library was empty.

Dungeon Overview and Level Annotations

Branches:
Dungeon (1/1)

Altars:
Cheibriados
Dithmenos
Fedhas
Gozag
Kikubaaqudgha
Makhleb
Okawaru
Qazlal
Ru
Sif Muna
Trog
Uskayaw
Vehumet
Wu Jian
Xom
Yredelemnul
Zin
The Shining One
Beogh
Lugonu

Shops:
D *[=??*?*:[((!!!!

Annotations:
D Sigmund


Innate Abilities, Weirdness & Mutations

You are a hulking beast.
Your limbs bulge with bestial killing power. (Slay +2)
You cannot wear most types of armour.
You are amphibious.
You can wear up to eight rings at the same time.
Your skin changes colour to match your surroundings (Stealth+).
Your rubbery body absorbs attacks. (AC +1, EV +1)
((You are camouflaged when in or above water. (Stealth+)))
You have tentacles for arms and can constrict up to eight enemies at once.


Message History

The adder misses you. The adder completely misses you.
Your kobold zombie hits the adder.
The adder closely misses you. The adder barely misses you.
Sigmund points at you and mumbles some strange words.
You are confused.
The adder attacks as it pursues you! The adder barely misses you.
The adder attacks as it pursues you! The adder closely misses you.
You're too confused to move!
Sigmund gestures at you while chanting.
You are more confused.
The adder barely misses you.
Your kobold zombie closely misses the adder.
The adder attacks as it pursues you! The adder bites you.
You are poisoned.
The adder poisons you! Sigmund barely misses you.
You tentacle-slap the adder. Your squeeze misses the adder.
The adder is lightly wounded.
You feel sick. The adder closely misses you. Sigmund barely misses you.
The adder bites you but does no damage.
You completely miss the adder.
The adder is lightly wounded.
You feel sick.
Your kobold zombie barely misses the adder.
The adder bites you.
You are more poisoned.
The adder poisons you!
You completely miss the adder.
The adder is lightly wounded.
You feel sick. The adder misses you. Sigmund casts a spell at you.
The puff of flame hits you!
Your kobold zombie hits the adder.
* * * LOW HITPOINT WARNING * * *
You feel sick. The adder bites you.
* * * LOW HITPOINT WARNING * * *
You are more poisoned.
The adder poisons you! Sigmund attacks as he pursues you!
Sigmund hits you from afar with a +0 scythe.
You die...
Sigmund begins carving another notch in his scythe.
Your body rises from the dead as a mindless zombie.

#_......._# ###.........###
#⌠...........⌠#
######.ß.........ß.####
##∩.__....).###......_._
##∩........ß.# #.ß.......
#.............###.........
#⌠.......Z..###...###......
#⌠......@Sh.# #.<.# #......
#⌠..........###...###......
##.............###.........
###∩........ß.# #.ß.......
##∩__.......###......___
######.ß.........ß.####
#⌠...........⌠#
###.........### #_......._#


You could see Sigmund, an adder (ally target) and a friendly kobold zombie.

Vanquished Creatures
  Jessica (D)
  An adder (D)
  A goblin (D)
  A kobold (D)
4 creatures vanquished.

Notes
Turn   | Place    | Note
-------+----------+-------------------------------------------
     0 | D        | shadowstone the Octopode Shapeshifter began the quest for
                  | the Orb.
     0 | D        | Reached XP level 1. HP: 13/13 MP: 1/1
     5 | D        | Found a shadowy altar of Dithmenos.
     5 | D        | Found a blossoming altar of Fedhas.
     5 | D        | Round 1.
     6 | D        | Found a radiant altar of Vehumet.
     6 | D        | Found an iron altar of Okawaru.
     7 | D        | Found a stormy altar of Qazlal.
     8 | D        | Found Tenun's Timeless Talismans.
     8 | D        | Found a basalt altar of Yredelemnul.
     8 | D        | Found a corrupted altar of Lugonu.
     8 | D        | Found Gaduiseted's Identification Station.
     9 | D        | Found Diefryet's Magic Scroll Shop.
     9 | D        | Noticed Jessica
    10 | D        | Found a glowing silver altar of Zin.
    10 | D        | Found an ornate altar of the Wu Jian Council.
    10 | D        | Found a snail-covered altar of Cheibriados.
    10 | D        | Found Jepoikh's Staff Store.
    11 | D        | Found Fiwa's Magic Scroll Shop.
    11 | D        | Found Uxuinn Duiq's Must-Have Magic.
    17 | D        | Killed Jessica
    18 | D        | Reached XP level 2. HP: 18/18 MP: 2/2
    18 | D        | Reached XP level 3. HP: 23/23 MP: 3/3
    26 | D        | Found Xinux's Jewellery.
    26 | D        | Found Suicueb's Advanced Armour.
    57 | D        | Found a shimmering blue altar of Sif Muna.
    61 | D        | Found a hide-covered altar of Uskayaw.
    75 | D        | Found an opulent altar of Gozag.
    76 | D        | Found an ancient bone altar of Kikubaaqudgha.
    77 | D        | Found a burning altar of Makhleb.
    78 | D        | Found Tumieff's Premium Goods.
    80 | D        | Found Faluidwih's Miscellaneous Merchandise.
    80 | D        | Found Ismeesie's Basic Armour.
    82 | D        | Found a sacrificial altar of Ru.
    82 | D        | Found a roughly hewn altar of Beogh.
    82 | D        | Found Sehop's Weapon Rack.
    91 | D        | Found a glowing golden altar of the Shining One.
    92 | D        | Found a bloodstained altar of Trog.
    94 | D        | Found a shimmering altar of Xom.
    95 | D        | Found Giheusuoqu's Do-It-Yourself Clinic.
    96 | D        | Found Xihu's Bottled Wisdom.
    96 | D        | Found Ahe Xun's Distillery.
   101 | D        | Found Honoix Ojaoz's Distillery.
   104 | D        | Noticed Sigmund
   135 | D        | Reached skill level 5 in Unarmed Combat
   135 | D        | Reached skill level 5 in Shapeshifting
   141 | D        | Became a worshipper of Yredelemnul the Fallen
   161 | D        | HP: 1/23 [adder (4)]
   161 | D        | Slain by Sigmund

Illustrated notes

Levels and vault maps discovered:
D:        arena_sprint

Skill      XL: |  1  2  3 |
---------------+----------+-----
Unarmed Combat | 4 5 |  5.1
Shapeshifting  | 4 5 |  5.1
Fighting       | |  1.2
Dodging        | |  2.8

Action                     || total
---------------------------++-------
  Melee: Unarmed           ||     9
         Constrict         ||     2
         Tentacles         ||     2
 Armour: Skin              ||     7
  Dodge: Dodged            ||    17

Table legend: (Time is in decaauts)
 A = Elapsed time spent in this place.
 B = Non-inter-level travel time spent in this place.
 C = Inter-level travel time spent in this place.
 D = Time resting spent in this place.
 E = Time spent auto-exploring this place.
 F = Levels seen in this place.
 G = Mean time per level.
                   A        B        C        D        E       F      G
               +--------+--------+--------+--------+--------+-----+--------+
         Total |    160 |    155 |      5 |      0 |      0 |   1 |  160.0 |
       Dungeon |    160 |    155 |      5 |      0 |      0 |   1 |  160.0 |
               +--------+--------+--------+--------+--------+-----+--------+

Top non-repeatable levels by time:
       D: 160 daAuts
